AoeStats
← HR PiG

African Clearing

505366273Analyzed
4v4 RM · 24d ago on Sep 9, 2026· 44m 59s· 8 players
Game mode
Random Map
Map size
Large (8 player)
Population
200
Speed
Normal
Resources
Standard
Victory
Conquest
Starting age
Dark Age
Ending age
Imperial Age
RankedLock teamsTeams togetherTeam positionsShared explorationLock speedFull tech treeHidden civsTurbo modeCheats
Victory
Defeat
🇨🇱 Ethiopians · Chile
1824
+14
🇺🇸 Chinese · United States
1803
+14
🇦🇷 Hindustanis · Argentina
1796
+15
🇲🇽 Khmer · Mexico
1710
+19
🇲🇽 Magyars · Mexico
1829
-18
🇵🇪 Bohemians · Peru
1785
-16
🇦🇷 Cumans · Argentina
1732
-14
🇦🇷 Georgians · Argentina
1725
-14
Mo_Tastic
3:01 Loom
11:31 Feudal Age
12:11 Double-Bit Axe
14:44 Fletching
19:39 Padded Archer Armor
26:56 Castle Age
27:47 Bow Saw
27:08 Crossbowman
29:16 Bodkin Arrow
29:54 Ballistics
33:24 Horse Collar
37:49 Wheelbarrow
40:00 Leather Archer Armor
41:40 Hand Cart
41:10 Town Watch
46:44 Imperial Age
45:23 Heavy Plow
45:22 Gold Mining
45:23 Stone Mining
HR PiG
12:24 Feudal Age
12:53 Loom
21:59 Castle Age
20:41 Fletching
22:02 Crossbowman
22:40 Bodkin Arrow
24:47 Ballistics
25:17 Padded Archer Armor
31:47 Wheelbarrow
34:48 Leather Archer Armor
39:50 Scale Mail Armor
41:16 Royal Heirs
41:32 Chain Mail Armor
45:38 Forging
UA | NanitoCba
10:09 Loom
12:33 Feudal Age
13:10 Double-Bit Axe
14:36 Town Watch
16:23 Forging
20:32 Scale Barding Armor
26:21 Castle Age
24:57 Scale Mail Armor
36:31 Bow Saw
37:51 Wheelbarrow
38:08 Chain Mail Armor
38:24 Squires
38:41 Gold Mining
40:58 Stone Mining
41:44 Gold Shaft Mining
44:28 Imperial Age
42:48 Bloodlines
43:18 Chain Barding Armor
44:14 Husbandry
45:59 Plate Barding Armor
UXKEKO
9:35 Loom
11:59 Feudal Age
14:46 Fletching
22:10 Padded Archer Armor
22:52 Horse Collar
28:37 Castle Age
27:55 Double-Bit Axe
29:34 Bow Saw
29:20 Bodkin Arrow
32:52 Wheelbarrow
34:04 Town Watch
35:52 Hand Cart
41:46 Ballistics
42:21 Husbandry
42:32 Bloodlines
44:50 Masonry
2Darling
9:57 Loom
12:00 Feudal Age
12:23 Man-at-Arms
13:03 Double-Bit Axe
21:13 Fletching
25:04 Castle Age
22:56 Gold Mining
23:13 Horse Collar
25:46 Bodkin Arrow
25:11 Crossbowman
25:58 Thumb Ring
27:39 Ballistics
28:19 Wheelbarrow
28:01 Padded Archer Armor
28:31 Town Watch
36:32 Bow Saw
36:44 Husbandry
39:12 Bloodlines
CL_lorecs
8:40 Loom
11:08 Feudal Age
12:35 Double-Bit Axe
13:04 Fletching
13:07 Double-Bit Axe
21:33 Padded Archer Armor
28:14 Castle Age
26:58 Fishing Lines
28:21 Crossbowman
28:57 Bodkin Arrow
31:14 Gillnets
32:46 Ballistics
40:29 Chemistry
MUERE CACA
9:22 Loom
11:34 Feudal Age
12:04 Double-Bit Axe
12:51 Town Watch
14:33 Fletching
18:28 Padded Archer Armor
25:26 Castle Age
26:48 Bow Saw
34:10 Bodkin Arrow
36:24 Horse Collar
38:38 Sanctity
38:27 Scale Barding Armor
40:05 Wheelbarrow
42:48 Imperial Age
41:21 Chain Barding Armor
41:11 Gold Mining
41:48 Bloodlines
41:39 Husbandry
42:19 Forging
44:21 Plate Barding Armor
RománMás3
6:00 Loom
12:05 Feudal Age
12:35 Double-Bit Axe
17:02 Wheelbarrow
17:19 Forging
23:15 Castle Age
21:38 Horse Collar
22:28 Scale Barding Armor
23:13 Bloodlines
23:17 Light Cavalry
24:52 Chain Barding Armor
26:06 Fishing Lines
35:35 Town Watch
39:00 Gold Mining
39:01 Stone Mining
42:47 Bow Saw
42:38 Heavy Plow
47:04 Imperial Age
45:31 Iron Casting
45:28 Hand Cart
Connection lost

Rejoining the realm…

Still unreachable

The connection could not be restored.

Session expired

The server has moved on; the page needs a fresh start.